 Dungeon Crawl Stone Soup version 0.27.0-1-g7a089689b8 (webtiles) character file.

Game seed: 18329289402493737203

1099 Delamore the Covert (level 8, -7/54 HPs)
             Began as an Octopode Brigand on Aug 6, 2021.
             Mangled by a water moccasin (8 damage)
             ... on level 5 of the Dungeon.
             The game lasted 00:04:30 (5523 turns).

Delamore the Covert (Octopode Brigand)              Turns: 5523, Time: 00:04:31

Health: -7/54      AC:  1    Str: 11    XL:     8   Next: 32%
Magic:  8/8        EV: 12    Int: 13    God:
Gold:   223        SH:  0    Dex: 15    Spells: 7/7 levels left

rFire    + + .     SeeInvis .   a - +2 dagger
rCold    + . .     Faith    .   (no shield)
rNeg     . . .     Spirit   .   (helmet restricted)
rPois    +         Reflect  .   (no amulet)
rElec    +         Harm     .   k - ring of protection from fire
rCorr    +         Rampage  .   (no ring)
Will     .....                  (no ring)
Stlth    +++++.....             (no ring)
HPRegen  0.18/turn              (no ring)
MPRegen  0.11/turn              (no ring)
                                (no ring)
                                (no ring)

@: brilliant, resistant, flying, studying Axes
A: almost no armour, amphibious, 8 rings, camouflage 1, gelatinous body 1,
(nimble swimmer 1), tentacles
a: no special abilities


You were on level 5 of the Dungeon.
You visited 1 branch of the dungeon, and saw 5 of its levels.

You collected 223 gold pieces.

Inventory:

Hand Weapons
 a - a +2 dagger (weapon)
Missiles
 b - 40 poisoned darts (quivered)
 c - 2 curare-tipped darts
Jewellery
 k - a ring of protection from fire (left tentacle)
Wands
 p - a wand of acid (8)
Scrolls
 d - 3 scrolls of magic mapping
 e - a scroll of vulnerability
 j - a scroll of noise
 l - a scroll of fog
 n - 2 scrolls of fear
 q - a scroll of enchant armour
Potions
 f - a potion of resistance
 g - 3 potions of brilliance
 i - a potion of haste {unknown}
 m - a potion of mutation {unknown}
 o - a potion of attraction {unknown}


   Skills:
 + Level 4.7 Fighting
 * Level 6.5 Short Blades
 + Level 3.9 Throwing
 - Level 1.0 Dodging
 + Level 8.2 Stealth


You had 7 spell levels left.
You didn't know any spells.
Your spell library contained the following spells:

 Spells                   Type           Power      Damage    Failure   Level
 Corona                   Hex            0%         N/A       30%         1
 Ensorcelled Hibernation  Hex/Ice        0%         N/A       43%         2
 Spider Form              Tmut/Pois      0%         N/A       67%         3
 Tukima's Dance           Hex            0%         N/A       67%         3
 Fireball                 Conj/Fire      0%         3d3       100%        5
 Iskenderun's Battlesphe  Conj           0%         2d6       100%        5
 Conjure Ball Lightning   Conj/Air       0%         3x3d6     100%        6
 Shadow Creatures         Summ           N/A        N/A       100%        6
 Orb of Destruction       Conj           0%         N/A       100%        7


Dungeon Overview and Level Annotations

Branches:
Dungeon (5/15)
 Temple: D:4-7

Altars:


Innate Abilities, Weirdness & Mutations

You cannot wear most types of armour.
You are amphibious.
You can wear up to eight rings at the same time.
Your skin changes colour to match your surroundings (Stealth+).
Your rubbery body absorbs attacks. (AC +1, EV +1)
((You are camouflaged near water. (Stealth+)))
You have tentacles for arms and can constrict up to eight enemies at once.


Message History

You are too injured to fight recklessly!
You are too injured to fight recklessly!
You are too injured to fight recklessly!
You are too injured to fight recklessly!
You are too injured to fight recklessly!
You are too injured to fight recklessly!
You are too injured to fight recklessly!
You are too injured to fight recklessly!
You release your grip on the water moccasin.
* * * LOW HITPOINT WARNING * * *
You feel very sick.
It was a potion of resistance.
You feel protected.
* * * LOW HITPOINT WARNING * * *
You feel very sick. The water moccasin closely misses you.
The water moccasin bites you.
* * * LOW HITPOINT WARNING * * *
You are more poisoned.
The water moccasin poisons you!
It was a potion of curing.
You feel better. The water moccasin bites you!
* * * LOW HITPOINT WARNING * * *
Okay, then.
The water moccasin barely misses you. The water moccasin barely misses you.
The water moccasin closely misses you.
There is an open door here.
The water moccasin bites you.
* * * LOW HITPOINT WARNING * * *
You are lethally poisoned!
The water moccasin poisons you!
You feel better. The water moccasin bites you.
* * * LOW HITPOINT WARNING * * *
You feel clever all of a sudden. The water moccasin bites you!
* * * LOW HITPOINT WARNING * * *
The water moccasin bites you but does no damage.
It was a potion of flight.
You feel very buoyant.
You fly up into the air.
The water moccasin bites you!
You die...

#.# #.# #.#
#.################ #.#
#.#................# #.#
#.#.##############.# #.#
# #.#..............#.#
#.#
#.##.#....###....#....#
#.#
#......o{......#.#..###
#.####
####...#S#)..............
#....#
####...#@#.##..#.########
####.#
#......#.####..#... #.#
#.####>#.. #..###.# #.#
#.....####. #... .# #.#
#####.# .##.### # #.# #.#
##.. #.# #.# #.########.#
#..........#


You could see a water moccasin and an orc.

Vanquished Creatures
  3 yaks (D:5)
  2 ogres (D:4)
  A kobold brigand (D:3)
  2 scorpions
  A howler monkey (D:3)
  A jelly (D:4)
  A hound (D:4)
  An orc priest (D:5)
  A bullfrog skeleton (D:5)
  An iguana (D:5)
  A scorpion zombie (D:5)
  4 adders
  An adder skeleton (D:4)
  2 worms (D:3)
  6 orcs
  3 bats
  3 endoplasms
  A giant cockroach (D:4)
  3 goblins
  6 hobgoblins
  7 jackals
  3 quokkas
  5 ball pythons
  4 frilled lizards
  5 kobolds
  6 rats
74 creatures vanquished.

Notes
Turn   | Place    | Note
-------+----------+-------------------------------------------
     0 | D:1      | Delamore the Octopode Brigand began the quest for the Orb.
     0 | D:1      | Reached XP level 1. HP: 14/14 MP: 1/1
   356 | D:1      | Reached XP level 2. HP: 1/19 MP: 2/2
  1428 | D:2      | Reached XP level 3. HP: 20/25 MP: 3/3
  1853 | D:2      | Found a faded altar of an unknown god.
  1964 | D:2      | You fall into a shaft and drop 2 floors!
  2023 | D:4      | Noticed an ogre
  2029 | D:4      | Reached XP level 4. HP: 26/30 MP: 4/4
  2248 | D:3      | Reached skill level 6 in Stealth
  2787 | D:3      | Noticed a kobold brigand
  2791 | D:3      | Killed a kobold brigand
  2792 | D:3      | Reached XP level 5. HP: 36/36 MP: 5/5
  3432 | D:4      | Killed an ogre
  3433 | D:4      | Reached XP level 6. HP: 9/42 MP: 6/6
  3873 | D:4      | Reached skill level 7 in Stealth
  3877 | D:4      | Reached skill level 5 in Short Blades
  3877 | D:4      | Reached XP level 7. HP: 47/47 MP: 7/7
  4615 | D:5      | Entered Level 5 of the Dungeon
  4650 | D:5      | Noticed a yak
  4650 | D:5      | Noticed a yak
  4651 | D:5      | Noticed a yak
  4675 | D:5      | Noticed a yak
  4684 | D:5      | Noticed a yak
  4687 | D:5      | Killed a yak
  4695 | D:5      | Killed a yak
  4932 | D:5      | Reached XP level 8. HP: 54/54 MP: 8/8
  5054 | D:5      | Killed a yak
  5055 | D:5      | Reached skill level 8 in Stealth
  5520 | D:5      | HP: 2/54 [water moccasin (5)]
  5523 | D:5      | Mangled by a water moccasin

Illustrated notes

Levels and vault maps discovered:
D:1:      shiori_arrival_maze, layout_basic
D:2:      layout_rooms, dreamdust_ecumenical_altar_hidden_monk_grotto
D:3:      layout_loops_corners, grunt_ministairs_8, minmay_misc_feat_cross
D:4:      layout_basic
D:5:      layout_basic, minmay_misc_feat_tiny, kennysheep_generic_room_10

Skill      XL: |  1  2  3  4  5  6  7  8 |
---------------+-------------------------+-----
Short Blades   | 3 4 5 6 |  6.5
Stealth        | 6 7 8 |  8.2
Fighting       | 3 4 |  4.7
Throwing       | 3 |  3.9
Dodging        | |  1.0

Action                   |  1- 3 |  4- 6 |  7- 9 || total
-------------------------+-------+-------+-------++-------
Melee: Dagger            |    86 |    53 |    61 ||   200
       Constrict         |    17 |     8 |    11 ||    36
       Tentacles         |     9 |    12 |    18 ||    39
Throw: Dart              |       |     2 |    38 ||    40
  Use: Scroll            |     5 |     2 |     1 ||     8
       Potion            |       |       |     5 ||     5
 Stab: Sleeping          |    10 |     8 |     2 ||    20
Armor: Skin              |    10 |     3 |     3 ||    16
Dodge: Dodged            |    56 |    24 |    25 ||   105
